 Dungeon Crawl Stone Soup version 0.31-a0-542-gdc2a67831c (webtiles) character file.

Game seed: 1762686759848586015

686 lunkers the Grappler (level 8, -17/59 HPs)
             Began as a Meteoran Shapeshifter on Aug 14, 2023.
             Demolished by an ogre
             ... wielding a +0 giant club
              (24 damage)
             ... on level 4 of the Dungeon.
             The game lasted 00:09:17 (1952 turns).

lunkers the Grappler (Meteoran Shapeshifter)        Turns: 1952, Time: 00:09:18

Health: -17/59     AC:  5    Str: 17    XL:     8   Next: 16%
Magic:  9/9        EV: 16    Int: 10    God:
Gold:   859        SH:  0    Dex: 16    Spells: 7/7 levels left

rFire   . .          .
                       - Unarmed
rCold   . . .        (no shield)
rNeg    . . .        h - +0 ring mail
rPois   .            (helmet currently unavailable)
rElec   .            (cloak currently unavailable)
rCorr   .            (gloves currently unavailable)
SInv    .            (boots currently unavailable)
Will    ++...        (no amulet)
Stlth   +            p - ring of willpower
HPRegen 0.29/turn    r - +5 ring of evasion
MPRegen 0.11/turn

%: no passive effects
@: beast-form, glowing
A: beast (slay +3), sense surroundings 1, otherworldly, glowing, explore regen
a: Begin Untransformation


You were on level 4 of the Dungeon.
You were a hulking beast.
You visited 1 branch of the dungeon, and saw 4 of its levels.

You collected 953 gold pieces.
You spent 94 gold pieces at shops.

Inventory:

Armour
 a - a +0 animal skin
 g - an orb of energy
 h - a +0 ring mail (worn)
 l - a +0 pair of boots
Jewellery
 p - a ring of willpower (left hand)
 q - a ring of magical power
 r - a +5 ring of evasion (right hand)
 s - an amulet of faith
Talismans
 c - a beast talisman (active)
 d - a flux talisman
Wands
 t - a wand of acid (3)
 u - a wand of roots (6)
Scrolls
 i - a scroll of fear
 j - a scroll of amnesia
 m - 2 scrolls of torment
Potions
 b - a potion of lignification
 e - a potion of brilliance
 f - a potion of might {unknown}
 n - a potion of ambrosia
 w - 2 potions of cancellation
 x - a potion of attraction


   Skills:
 - Level 1.1 Fighting
 - Level 2.1 Dodging
 * Level 8.7 Unarmed Combat
 + Level 5.9 Shapeshifting


You had 7 spell levels left.
You didn't know any spells.
Your spell library was empty.

Dungeon Overview and Level Annotations

Branches:
Dungeon (4/15) Zot: 471
 Temple: D:4-7

Altars:
Ashenzari
Dithmenos

Shops:
D:1 :   D:4 *


Innate Abilities, Weirdness & Mutations

You are a hulking beast.
Your limbs bulge with bestial killing power. (Slay +3)
You passively map a small area around you.
You are easily found by Zot.
You glow in the dark.
You regain HP and MP as you explore.


Message History

No target in view!
No target in view!
No target in view!
No target in view!
No target in view!
No target in view!
No target in view!
No target in view!
No target in view!
No target in view!
An adder and an ogre come into view.
The adder hisses angrily.
The ogre shouts!
The adder bites you but does no damage. The adder closely misses you.
The adder bites you but does no damage. The adder bites you.
You are poisoned.
The adder poisons you! The adder attacks as you move away!
The adder closely misses you.
You feel sick.
You punch the adder!
You kill the adder!
You feel sick.
You hit the ogre but do no damage.
You feel sick.
You barely miss the ogre. You punch the ogre.
The ogre is lightly wounded.
You feel sick.
The ogre hits you with a +0 giant club!!
* * * LOW HITPOINT WARNING * * *
You hit the ogre.
The ogre is moderately wounded.
You feel sick.
You are no longer poisoned.
The ogre hits you with a +0 giant club!!
* * * LOW HITPOINT WARNING * * *
You hit the ogre.
The ogre is heavily wounded.
You punch the ogre!
The ogre is severely wounded.
The ogre hits you with a +0 giant club!!
You die...

§§.§§§§#* #.########
§..§§§.........# ####...# ##.
§._............# #....#.# ##..
§§.....§.......## #....#.###..#
§§.§§§.#........, +....#.#...##
,
..§§##.......######....#...####
, ..§#*#.......##[.......#..##
# .# #.......##.###.....>.# # ,
.. #.......Oh.# #.###...### # *
.......###### #.###.....# #
##.....* #....#.##.# # #.....
####.#.##.### #..... #.#..#....
###### #.##.##### #.##.# #.##.#
#....#


You could see an ogre.

Vanquished Creatures
  Grinder (D:4)
  Duvessa (D:4)
  An ogre (D:4)
  A kobold brigand (D:3)
  Dowan (D:4)
  A jelly (D:4)
  An orc priest (D:4)
  4 adders
  A gnoll (D:4)
  2 worms (D:4)
  3 dart slugs
  9 orcs (D:4)
  4 ball pythons
  4 endoplasms
  A giant cockroach (D:1)
  5 goblins
  5 hobgoblins
  8 jackals (D:2)
  14 kobolds
  4 quokkas
  3 bats
  3 frilled lizards
  4 rats
81 creatures vanquished.

Notes
Turn   | Place    | Note
-------+----------+-------------------------------------------
     0 | D:1      | lunkers the Meteoran Shapeshifter began the quest for the
                  | Orb.
     0 | D:1      | Reached XP level 1. HP: 16/16 MP: 2/2
   224 | D:1      | Reached XP level 2. HP: 23/23 MP: 3/3
   228 | D:1      | Reached skill level 4 in Unarmed Combat
   306 | D:1      | Noticed a walking divine tome
   307 | D:1      | Found Agonoysi's Book Shop.
   308 | D:1      | Noticed a walking divine tome
   424 | D:2      | Reached XP level 3. HP: 27/28 MP: 4/4
   486 | D:2      | Found a shadowy altar of Dithmenos.
   873 | D:2      | Reached XP level 4. HP: 32/35 MP: 5/5
  1031 | D:3      | Reached skill level 5 in Unarmed Combat
  1195 | D:3      | Noticed a kobold brigand
  1252 | D:3      | Killed a kobold brigand
  1253 | D:3      | Reached XP level 5. HP: 23/40 MP: 6/6
  1260 | D:3      | Reached skill level 6 in Unarmed Combat
  1491 | D:4      | Reached XP level 6. HP: 27/47 MP: 7/7
  1504 | D:4      | Noticed Dowan
  1520 | D:4      | Killed Dowan
  1525 | D:4      | Noticed Duvessa
  1534 | D:4      | Noticed an ogre
  1540 | D:4      | Killed Duvessa
  1541 | D:4      | Reached skill level 7 in Unarmed Combat
  1541 | D:4      | Reached skill level 5 in Shapeshifting
  1541 | D:4      | Reached XP level 7. HP: 21/52 MP: 8/8
  1592 | D:4      | Found a shadowy altar of Dithmenos.
  1658 | D:4      | Found a broken altar of Ashenzari.
  1740 | D:4      | Found Neiru's Assorted Antiques.
  1744 | D:4      | Bought a scroll labelled PUPOIS QAGOS for 20 gold pieces
  1744 | D:4      | Bought 2 fizzy white potions for 36 gold pieces
  1744 | D:4      | Bought a murky silvery potion for 18 gold pieces
  1744 | D:4      | Bought a scroll labelled SYF DUIPRUT for 20 gold pieces
  1744 | D:4      | Identified a scroll of acquirement
  1744 | D:4      | Acquired 660 gold pieces
  1778 | D:4      | Noticed Grinder
  1790 | D:4      | Killed Grinder
  1791 | D:4      | Reached skill level 8 in Unarmed Combat
  1791 | D:4      | Reached XP level 8. HP: 35/59 MP: 9/9
  1952 | D:4      | Demolished by an ogre

Illustrated notes

Levels and vault maps discovered:
D:1:      zelgadis_glass_arrival_small, layout_loops_ring, serial_shops,
          nicolae_shop_mannequins
D:2:      minmay_door_path, layout_loops_ring, basic_altar
D:3:      cheibrodos_thug_alley, layout_basic, serial_shops,
          nicolae_shop_tiny_glass
D:4:      layout_basic, nicolae_dithmenos_the_darkroom,
          nicolae_ashenzari_panopticon, serial_shops,
          nicolae_shop_back_alley_shop, minmay_crystal_room,
          grunt_decor_one_mirror, uniq_duvessa, uniq_grinder

Skill      XL: |  1  2  3  4  5  6  7 |
---------------+----------------------+-----
Unarmed Combat | 4 5 6 7 8 |  8.7
Shapeshifting  | 4 5 |  5.9
Fighting       | |  1.1
Dodging        | |  2.1

Action                     |  1- 3 |  4- 6 |  7- 9 || total
---------------------------+-------+-------+-------++-------
  Melee: Unarmed           |    67 |    94 |    59 ||   220
         Punch             |     2 |     4 |     2 ||     8
    Use: Potion            |       |     1 |       ||     1
         Scroll            |       |       |    10 ||    10
 Armour: Animal skin       |     2 |       |       ||     2
         Ring mail         |    18 |    38 |     4 ||    60
         Skin              |       |    23 |    21 ||    44
  Dodge: Dodged            |    40 |    52 |    30 ||   122

Table legend: (Time is in decaauts)
 A = Elapsed time spent in this place.
 B = Non-inter-level travel time spent in this place.
 C = Inter-level travel time spent in this place.
 D = Time resting spent in this place.
 E = Time spent auto-exploring this place.
 F = Levels seen in this place.
 G = Mean time per level.
                   A        B        C        D        E       F      G
               +--------+--------+--------+--------+--------+-----+--------+
         Total |   1928 |   1861 |     67 |     17 |   1192 |   4 |  482.0 |
       Dungeon |   1928 |   1861 |     67 |     17 |   1192 |   4 |  482.0 |
               +--------+--------+--------+--------+--------+-----+--------+

Top non-repeatable levels by time:
     D:2: 646 daAuts
     D:4: 466 daAuts
     D:3: 446 daAuts
     D:1: 369 daAuts
